 Dungeon Crawl Stone Soup version 0.27.1 (webtiles) character file.

Game seed: 14162895699810398896

10963 ABBCCCDDDD the Blocker (level 11, -2/69 HPs)
             Began as an Octopode Wanderer on Aug 30, 2021.
             Was a Priest of Hepliaklqana.
             Succumbed to a cane toad's poison
             ... on level 1 of the Lair of Beasts.
             The game lasted 00:57:14 (21781 turns).

ABBCCCDDDD the Blocker (Octopode Wanderer)         Turns: 21781, Time: 00:57:14

Health: -2/69      AC:  3    Str: 15    XL:     11   Next: 70%
Magic:  15/15      EV: 13    Int: 18    God:    Hepliaklqana [***...]
Gold:   269        SH: 13    Dex: 10    Spells: 11/16 levels left

rFire    + . .     SeeInvis .   a - +3 spear (vorpal)
rCold    . . .     Faith    .   i - +2 kite shield {rF+}
rNeg     . . .     Spirit   .   (helmet restricted)
rPois    +         Reflect  .   n - amulet of magic regeneration
rElec    .         Harm     .   E - ring of wizardry
rCorr    .         Rampage  .   G - ring of poison resistance
Will     .....                  (no ring)
Stlth    +++.......             (no ring)
HPRegen  0.21/turn              (no ring)
MPRegen  0.39/turn              (no ring)
                                (no ring)
                                (no ring)

@: brilliant, lethally poisoned (-2 -> -21), attractive, studying Ice Magic
A: reduced essence, almost no armour, amphibious, 8 rings, camouflage 1,
gelatinous body 1, (nimble swimmer 1), tentacles, iridescent scales 1, strong 1,
MP-powered wands
a: Renounce Religion, Recall Ancestor, Ancestor Identity, Transference


You were on level 1 of the Lair of Beasts.
You worshipped Hepliaklqana.
Hepliaklqana was most pleased with you.
You visited 3 branches of the dungeon, and saw 13 of its levels.

You collected 578 gold pieces.
You spent 309 gold pieces at shops.

Inventory:

Hand Weapons
 a - a +3 vorpal spear (weapon)
 b - a +2 hand crossbow
 c - a +5 club
 d - a +3 trident
 u - a +1 spectral quarterstaff
 y - the +5 mace of Kismet {drain, rElec Will+ Str+2 Int-4}
   (You found it on level 7 of the Dungeon)

   A truly terrible weapon, it drains the life of any living foe it strikes.
   Str:       It affects your strength (+2).
   Int:       It affects your intelligence (-4).
   rElec:     It insulates you from electricity.
   Will:      It increases your willpower.
 z - a +2 mace of protection
Missiles
 h - a throwing net
 m - 90 bolts
 w - 44 poisoned darts (quivered)
 H - 2 curare-tipped darts
Armour
 i - a +2 kite shield of fire resistance (worn)
Magical Staves
 r - a staff of conjuration
Jewellery
 n - an amulet of magic regeneration (around mantle)
 E - a ring of wizardry (left tentacle)
 G - a ring of poison resistance (right tentacle)
 K - a ring of fire
Wands
 B - a wand of digging (10)
 L - a wand of mindburst (13)
Scrolls
 e - a scroll of silence
 f - 3 scrolls of blinking
 g - 2 scrolls of holy word
 k - 3 scrolls of amnesia
 o - 2 scrolls of fog
 q - a scroll of immolation
 s - a scroll of fear
 t - 2 scrolls of enchant weapon
 F - a scroll of vulnerability
 I - a scroll of summoning {unknown}
 J - a scroll of brand weapon {unknown}
Potions
 j - a potion of invisibility
 l - 2 potions of attraction
 p - 2 potions of resistance {unknown}
 x - 2 potions of magic {unknown}
 A - a potion of flight {unknown}
 C - 3 potions of haste {unknown}
 D - a potion of brilliance


   Skills:
 + Level 7.8 Fighting
 - Level 3.1(5.8) Axes
 - Level 7.6(8.0) Polearms
 - Level 3.0 Crossbows
 - Level 4.0 Dodging
 - Level 4.3 Stealth
 + Level 11.3 Shields
 + Level 3.1 Spellcasting
 + Level 0.7 Conjurations
 + Level 0.7 Fire Magic
 - Level 7.1 Evocations


You had 11 spell levels left.
You knew the following spells:

 Your Spells              Type           Power      Damage    Failure   Level
a - Fireball              Conj/Fire      4%         3d4       88%         5

Your spell library contained the following spells:

 Spells                   Type           Power      Damage    Failure   Level
 Animate Skeleton         Necr           8%         N/A       11%         1
 Pain                     Necr           16%        1d4       11%         1
 Sublimation of Blood     Necr           2%         N/A       16%         2
 Wereblood                Tmut           4%         N/A       16%         2
 Vampiric Draining        Necr           2%         2d6       30%         3
 Iskenderun's Battlesphe  Conj           8%         2d6       88%         5
 Conjure Ball Lightning   Conj/Air       3%         3x3d6     100%        6
 Orb of Destruction       Conj           4%         9d2       100%        7
 Summon Hydra             Summ           2%         N/A       100%        7


Dungeon Overview and Level Annotations

Branches:
Dungeon (10/15)            Temple (1/1) D:7            Lair (2/6) D:10
 Shoals (0/4) Lair:2          Orc (0/2) D:10
  Snake: Lair:2-4    Spider: Lair:2-4

Altars:
Ashenzari
Cheibriados
Dithmenos
Elyvilon
Fedhas
Gozag
Hepliaklqana
Kikubaaqudgha
Makhleb
Nemelex Xobeh
Okawaru
Qazlal
Ru
Sif Muna
Trog
Uskayaw
Vehumet
Wu Jian
Xom
Yredelemnul
Zin
The Shining One

Shops:
D:3 *   D:5 *

Annotations:
D:2 Sigmund
D:7 exclusion: cyclops
D:10 2 transporters, Rastanax's ghost, journeyman TrFi
Lair:1 1 runed translucent door, exclusion: hydra, Xixaub Eqygg's ghost, journeyman DrTm
Lair:2 2 transporters, exclusion: hydra, dragonscale333's ghost, journeyman MiFi


Innate Abilities, Weirdness & Mutations

Your life essence is reduced to manifest your ancestor. (-10% HP)
You cannot wear most types of armour.
You are amphibious.
You can wear up to eight rings at the same time.
Your skin changes colour to match your surroundings (Stealth+).
Your rubbery body absorbs attacks. (AC +1, EV +1)
((You are camouflaged near water. (Stealth+)))
You have tentacles for arms and can constrict up to eight enemies at once.
You are partially covered in iridescent scales. (AC +2)
Your muscles are strong. (Str +2)
You expend magic power (3 MP) to strengthen your wands.


Message History

Audrea points at the centaur and mumbles some strange words.
The puff of frost hits the centaur!
The centaur shoots an arrow.
The arrow closely misses you.
The arrow hits the centaur!
The cane toad stings you.
The centaur misses Audrea.
The centaur kicks Audrea but does no damage.
There is a stone staircase leading up here.
The centaur closely misses Audrea.
The centaur kicks Audrea but does no damage.
The centaur unwields a +0 shortbow.
The centaur hits you.
* * * LOW HITPOINT WARNING * * *
The centaur kicks you.
* * * LOW HITPOINT WARNING * * *
The cane toad stings you!
* * * LOW HITPOINT WARNING * * *
Audrea hits the centaur with a +0 quarterstaff!!
The centaur dies!
You climb upwards.
Level annotation: 1 runed translucent door, exclusion: hydra, Xixaub Eqygg's ghost, journeyman DrTm
There is a stone staircase leading down here.
You feel much better. The centaur hits you. You block the centaur's attack.
The cane toad completely misses you.
The centaur wields a +0 shortbow.
The centaur shoots an arrow.
You block the arrow.
The centaur shoots an arrow.
You block the arrow. The cane toad stings you!
* * * LOW HITPOINT WARNING * * *
You are lethally poisoned!
The cane toad poisons you!
It was a potion of attraction.
You feel attractive to monsters.
* * * LOW HITPOINT WARNING * * *
You feel very sick.
The centaur unwields a +0 shortbow.
The centaur hits the plant.
The plant begins to die.
The centaur kicks the plant.
The cane toad barely misses you.
The centaur hits the plant.
The centaur kicks the plant.
It was a potion of brilliance.
You feel clever all of a sudden.
You die...

####.# #.# #P.#⌠..♣!. #.#
#.# #..##..... ##.#
#.###...##...# #..#
#........##.## ##.#
#.........#+#. ######P.#
#............. #.......#####
#........#####
#######..#..######>........#
## #.......@Fc..........###.
#.#######P#..............
#.P# ####.#####.######
#######.## #.# #.#
#.......## #.# #.# #
#######..# #.## #.# # #.##
##..# #.# # #.# #..## #.#
#.# ##.# #.#


You could see a cane toad and a centaur.

Levels and vault maps discovered:
D:1:      minmay_arrival_loop, layout_basic, minmay_distorted
D:2:      layout_basic, dreamdust_ecumenical_altar_statues,
          chequers_serial_rivers_micro_a, nrook_loot_triangle, uniq_jessica,
          uniq_robin, uniq_sigmund
D:3:      layout_basic, mainiacjoe_overflow_catwalk, hangedman_ru_absence,
          serial_shops, nicolae_shop_temple_entry_statues_fountains,
          grunt_ministairs_14, minmay_puff
D:4:      layout_cave_pools
D:5:      layout_cave_pools, pdpol_wu_jian_five_deadly_venoms,
          nicolae_stop_n_shop_1
D:6:      layout_basic, grunt_temple_overflow_open,
          hangedman_abyss_or_decor_stagger, uniq_menkaure, uniq_prince_ribbit1
D:7:      layout_loops_cross, lemuel_doored_altar,
          minmay_temple_entry_stoned_glass, uniq_crazy_yiuf_cottage,
          uniq_duvessa
D:8:      layout_loops_ring, mainiacjoe_overflow_surrounded_room
D:9:      layout_loops_cross, nicolae_dithmenos_shadow_blocks, serial_shops,
          kennysheep_little_box, special_room [special_room_bee]
D:10:     layout_stronghold, lair_entry_dummy, orc_0_dummy,
          gammafunk_ghost_mausoleum
Temple:   nicolae_temple_great_sept
Lair:1:   layout_small_grid, hellmonk_ghost_happy_afterlife
Lair:2:   layout_cellular_growth, minmay_shoals_entry_centaurs,
          minmay_snake_entry_six_corridors, gammafunk_ghost_hive,
          grunt_megastairs_1

Notes
Turn   | Place    | Note
-------+----------+-------------------------------------------
     0 | D:1      | ABBCCCDDDD the Octopode Wanderer began the quest for the
                  | Orb.
     0 | D:1      | ABBCCCDDDD set off with the following items: a +2 hand
                  | crossbow, 21 bolts, a potion of curing, a +0 hand axe
     0 | D:1      | Reached XP level 1. HP: 14/14 MP: 1/1
    27 | D:1      | Reached skill level 1 in Stealth
    31 | D:1      | Reached XP level 2. HP: 20/20 MP: 2/2
   253 | D:1      | Reached XP level 3. HP: 25/25 MP: 3/3
   754 | D:2      | Noticed Robin
   978 | D:2      | Reached XP level 4. HP: 31/31 MP: 4/4
  1010 | D:2      | Noticed Jessica
  1021 | D:2      | Killed Jessica
  1135 | D:2      | Noticed Sigmund
  1514 | D:2      | Killed Robin
  1760 | D:2      | Found a faded altar of an unknown god.
  1830 | D:2      | Reached skill level 1 in Dodging
  2353 | D:3      | Found Ivawk's Assorted Antiques.
  2361 | D:3      | Reached XP level 5. HP: 36/36 MP: 5/5
  2385 | D:3      | Found an iron altar of Okawaru.
  2526 | D:3      | Found a sacrificial altar of Ru.
  3299 | D:3      | Became a worshipper of Ru the Awakened
  3608 | D:4      | Reached skill level 1 in Spellcasting
  3636 | D:4      | Noticed a phantom
  3669 | D:4      | Reached XP level 6. HP: 39/43 MP: 7/7
  4309 | D:5      | Entered Level 5 of the Dungeon
  4309 | D:5      | Noticed a water moccasin
  4334 | D:5      | Noticed a sky beast
  4334 | D:5      | Found Intur's General Store.
  5303 | D:5      | Gained mutation: You expend magic power (3 MP) to
                  | strengthen your wands. [potion of mutation]
  5303 | D:5      | Gained mutation: You are partially covered in iridescent
                  | scales. (AC +2) [potion of mutation]
  5303 | D:5      | Gained mutation: Your muscles are strong. (Str +2) [potion
                  | of mutation]
  5709 | D:5      | Noticed a necrophage
  5759 | D:5      | Killed a necrophage
  5760 | D:5      | Reached XP level 7. HP: 42/49 MP: 10/10
  6031 | D:5      | Found an ornate altar of the Wu Jian Council.
  6069 | D:5      | Reached skill level 5 in Fighting
  7259 | D:3      | Bought a glowing kite shield for 172 gold pieces
  7639 | D:6      | Noticed Menkaure
  7685 | D:6      | Reached skill level 2 in Shields
  7685 | D:6      | Reached XP level 8. HP: 14/57 MP: 12/12
  7989 | D:6      | Noticed Prince Ribbit
  8280 | D:6      | Found a snail-covered altar of Cheibriados.
  8281 | D:6      | Found a basalt altar of Yredelemnul.
  8467 | D:7      | Found a staircase to the Ecumenical Temple.
  8482 | D:7      | Noticed Duvessa
  8485 | Temple   | Entered the Ecumenical Temple
  8671 | D:6      | Killed Prince Ribbit
  8672 | D:6      | Reached skill level 3 in Shields
  9436 | D:5      | Bought a scroll of identify for 22 gold pieces
  9599 | D:5      | Reached skill level 4 in Shields
 10714 | D:7      | Noticed a cyclops
 10980 | D:7      | Reached skill level 5 in Shields
 11606 | D:6      | Reached skill level 1 in Polearms
 11606 | D:6      | Reached XP level 9. HP: 64/64 MP: 13/13
 12708 | D:7      | Found a runed translucent door.
 12709 | D:7      | Noticed Crazy Yiuf
 12717 | D:7      | Killed Crazy Yiuf
 12838 | D:7      | Identified the +5 mace of Kismet {drain, rElec Will+ Str+2
                  | Int-4}
 12840 | D:7      | Identified the +4 mace "Piczufygh" {holy, Will+}
 13165 | D:7      | Reached skill level 6 in Shields
 13196 | D:7      | Found a hazy altar of Hepliaklqana.
 13199 | D:7      | Fell from the grace of Ru
 13199 | D:7      | Became a worshipper of Hepliaklqana the Forgotten
 13412 | D:8      | Found a hide-covered altar of Uskayaw.
 13425 | D:8      | Noticed a troll
 13646 | D:9      | Noticed a kobold demonologist
 13978 | D:8      | Reached * piety under Hepliaklqana
 13987 | D:8      | Noticed a two-headed ogre
 14023 | D:7      | Noticed Dowan
 14043 | D:7      | Killed Duvessa
 14048 | D:7      | Killed Dowan
 14356 | D:6      | Killed Menkaure
 14595 | D:6      | Reached skill level 7 in Shields
 14978 | D:3      | Bought a moonstone ring for 115 gold pieces
 15661 | D:9      | Found a shadowy altar of Dithmenos.
 15788 | D:9      | Reached skill level 5 in Polearms
 15850 | D:9      | Killed a kobold demonologist
 15851 | D:9      | Reached XP level 10. HP: 62/63 MP: 14/14
 15861 | D:9      | Reached skill level 8 in Shields
 16710 | D:9      | HP: 2/63 [killer bee (7)]
 17213 | D:8      | Killed a two-headed ogre
 17214 | D:8      | Reached skill level 9 in Shields
 17737 | D:10     | Entered Level 10 of the Dungeon
 17737 | D:10     | Found a staircase to the Orcish Mines.
 17811 | D:10     | Found a staircase to the Lair.
 17842 | D:10     | Noticed a gargoyle
 17855 | D:10     | Killed a gargoyle
 18071 | D:10     | Found a transporter.
 18071 | D:10     | Noticed Rastanax's ghost (journeyman TrFi)
 18079 | D:10     | Found a transporter.
 18081 | D:10     | Noticed a death knight
 18085 | D:10     | Identified a scroll of acquirement
 18086 | D:10     | Acquired a manual of Ice Magic
 18119 | D:10     | Noticed a two-headed ogre
 18398 | D:10     | Killed a two-headed ogre
 18529 | D:10     | Reached skill level 10 in Shields
 18529 | D:10     | Reached XP level 11. HP: 48/67 MP: 15/15
 18796 | D:10     | Noticed a two-headed ogre
 18829 | D:10     | Killed a two-headed ogre
 18830 | D:10     | Reached skill level 5 in Evocations
 19075 | D:10     | Noticed a two-headed ogre
 19130 | D:10     | Killed a two-headed ogre
 19521 | D:10     | Reached ** piety under Hepliaklqana
 19522 | D:10     | Remembered your ancestor Audrea as a battlemage
 19546 | Lair:1   | Entered Level 1 of the Lair of Beasts
 20051 | Lair:1   | Noticed a seven-headed hydra
 20095 | Lair:1   | Found a runed translucent door.
 20095 | Lair:1   | Noticed Xixaub Eqygg's ghost (journeyman DrTm)
 20682 | Lair:1   | Reached skill level 11 in Shields
 21192 | Lair:2   | Found a transporter.
 21192 | Lair:2   | Noticed dragonscale333's ghost (journeyman MiFi)
 21193 | Lair:2   | Found a transporter.
 21303 | Lair:2   | Learned a level 5 spell: Fireball
 21309 | Lair:2   | Reached *** piety under Hepliaklqana
 21310 | Lair:2   | Noticed an eight-headed hydra
 21402 | Lair:2   | Found a staircase to the Shoals.
 21419 | Lair:2   | HP: 3/68 [wyvern (11)]
 21780 | Lair:1   | HP: 2/69 [poisoned by a cane toad]
 21781 | Lair:1   | Succumbed to a cane toad's poison

Table legend: (Time is in decaauts)
 A = Elapsed time spent in this place.
 B = Non-inter-level travel time spent in this place.
 C = Inter-level travel time spent in this place.
 D = Time resting spent in this place.
 E = Time spent auto-exploring this place.
 F = Levels seen in this place.
 G = Mean time per level.
                   A        B        C        D        E       F      G
               +--------+--------+--------+--------+--------+-----+--------+
         Total |  21860 |  20438 |   1422 |   8728 |   5453 |  13 | 1681.5 |
       Dungeon |  19630 |  18240 |   1390 |   7870 |   4438 |  10 | 1963.0 |
        Temple |     85 |     62 |     23 |      0 |     51 |   1 |   85.0 |
          Lair |   2144 |   2135 |      9 |    857 |    964 |   2 | 1072.0 |
               +--------+--------+--------+--------+--------+-----+--------+

Top non-repeatable levels by time:
     D:6: 3622 daAuts
     D:5: 2573 daAuts
     D:3: 2237 daAuts
     D:4: 2162 daAuts
    D:10: 1872 daAuts
     D:8: 1854 daAuts
  Lair:1: 1841 daAuts
     D:7: 1834 daAuts
     D:2: 1298 daAuts
     D:9: 1178 daAuts
     D:1: 995 daAuts
  Lair:2: 303 daAuts
  Temple: 85 daAuts

Table legend:
 A = Kills in this place as a percentage of kills in entire the game.
 B = Kills by you in this place as a percentage of kills by you in the entire game.
 C = Kills by friends in this place as a percentage of kills by friends in the entire game.
 D = Other kills in this place as a percentage of other kills in the entire game.
 E = Experience gained in this place as a percentage of experience gained in the entire game.
 F = Experience gained in this place divided by the number of levels of this place that you have seen.
                   A       B       C       D       E      F
               +-------+-------+-------+-------+-------+----------------------
         Total | 100.0 | 100.0 | 100.0 |   N/A | 100.0 | 1204.8
       Dungeon |  87.3 |  95.0 |  26.1 |   N/A |  73.2 | 1146.6
          Lair |  12.7 |   5.0 |  73.9 |   N/A |  26.8 | 2098.0
               +-------+-------+-------+-------+-------+----------------------

Action                   |  1- 3 |  4- 6 |  7- 9 | 10-12 || total
-------------------------+-------+-------+-------+-------++-------
Melee: Hand axe          |     4 |     4 |       |       ||     8
       Tentacles         |     2 |    15 |    40 |    47 ||   104
       Constrict         |     1 |    21 |    36 |    18 ||    76
       Spear             |       |   134 |   297 |   220 ||   651
       Club              |       |     4 |       |       ||     4
 Fire: Hand crossbow     |    69 |    20 |     7 |       ||    96
Throw: Dart              |       |    21 |    62 |    27 ||   110
Invok: Reject Sacrifices |       |       |     1 |       ||     1
       Recall Ancestor   |       |       |     2 |       ||     2
       Ancestor Life: Ba |       |       |       |     1 ||     1
Evoke: Wand              |       |       |       |     7 ||     7
  Use: Scroll            |       |     9 |     5 |     8 ||    22
       Potion            |       |     6 |     2 |     4 ||    12
 Stab: Sleeping          |     1 |    11 |     7 |     5 ||    24
       Distracted        |       |     2 |       |     3 ||     5
Armor: Skin              |       |    37 |    57 |    21 ||   115
Dodge: Dodged            |    14 |    55 |   104 |    95 ||   268
Block: Kite shield       |       |       |   142 |   129 ||   271

Vanquished Creatures
  4 two-headed ogres
  A gargoyle (D:10)
  A cane toad (Lair:1)
  A kobold demonologist (D:9)
  A troll (D:8)
  Prince Ribbit (D:6)
  A blink frog (Lair:1)
  2 wyverns
  5 yaks
  Duvessa (D:7)
  3 water moccasins
  A black bear (D:6)
  An ice beast (D:8)
  An orc warrior (D:6)
  A necrophage (D:5)
  3 ogres
  A wolf (Lair:2)
  A phantom (D:4)
  4 centaurs
  2 kobold brigands (D:9)
  2 bullfrogs
  A scorpion (D:5)
  Dowan (D:7)
  A wyvern skeleton (D:7)
  10 killer bees (D:9)
  5 wights
  A bullfrog zombie (D:7)
  Crazy Yiuf (D:7)
  2 jellies (D:5)
  4 hounds
  A centaur skeleton (D:6)
  3 orc priests
  Jessica (D:2)
  A bullfrog skeleton (D:4)
  2 iguanas
  4 orc wizards
  2 hell rats (Lair:1)
  2 hound skeletons (D:4)
  Robin (D:2)
  4 gnolls (D:6)
  5 adders
  A shadow imp (D:5)
  A worm (D:2)
  5 dart slugs
  7 orcs
  10 endoplasms
  4 giant cockroaches
  14 goblins
  8 hobgoblins
  3 jackals (D:1)
  13 kobolds
  2 quokkas (D:4)
  7 ball pythons
  8 bats
  A frilled lizard (D:3)
  7 rats
181 creatures vanquished.

Vanquished Creatures (collateral kills)
  A komodo dragon (Lair:1)
  A polar bear (Lair:2)
  2 blink frogs
  4 yaks (Lair:1)
  Menkaure (D:6)
  A water moccasin (Lair:1)
  2 centaurs (Lair:2)
  3 wolves (Lair:2)
  A kobold brigand (D:9)
  A bullfrog (D:9)
  2 centaur zombies
  4 hell rats (Lair:1)
23 creatures vanquished.

Vanquished Creatures (others)
  15 ancestors
  4 fungi (Lair:1)
  3 plants
22 creatures vanquished.

Grand Total: 226 creatures vanquished
